 Dungeon Crawl Stone Soup version 0.28.0-43-g3370ac3207 (webtiles) character file.

Game seed: 8878271559457327670

427 crimpus the Cudgeller (level 6, -2/49 HPs)
             Began as a Demonspawn Berserker on Mar 16, 2022.
             Was a Priest of Trog.
             Killed by divine providence
             ... invoked by an orc priest
              (15 damage)
             ... on level 5 of the Dungeon.
             The game lasted 00:07:04 (5610 turns).

crimpus the Cudgeller (Demonspawn Berserker)        Turns: 5610, Time: 00:07:05

Health: -2/49      AC: 16    Str: 19    XL:     6   Next: 65%
Magic:  6/6        EV:  6    Int:  9    God:    Trog [***...]
Gold:   188        SH:  0    Dex: 12    Spells: 5/5 levels left

rFire   . . .      SeeInvis +   m - +0 whip (freeze)
rCold   . . .      Faith    .   (no shield)
rNeg    . . .      Spirit   .   e - +0 plate armour
rPois   .          Reflect  .   (no helmet)
rElec   .          Harm     .   d - +1 cloak
rCorr   .          Rampage  .   (no gloves)
Will    .....                   (no boots)
Stlth   ..........              (no amulet)
HPRegen 0.16/turn               n - ring of see invisible
MPRegen 0.10/turn               (no ring)

@: lethally poisoned (-2 -> -35), on berserk cooldown, slowed, very slow
A: icy blue scales 2
a: Renounce Religion, Berserk, Trog's Hand


You were on level 5 of the Dungeon.
You worshipped Trog.
Trog was most pleased with you.
You visited 1 branch of the dungeon, and saw 5 of its levels.

You collected 188 gold pieces.

Inventory:

Hand Weapons
 m - a +0 whip of freezing (weapon)
Armour
 d - a +1 cloak (worn)
 e - a +0 plate armour (worn)
Jewellery
 n - a ring of see invisible (left hand)
 o - a ring of flight
 p - a ring of magical power
Wands
 b - a wand of iceblast (8)
 k - a wand of mindburst (12)
 q - a wand of charming (11)
Scrolls
 c - 2 scrolls of blinking
 f - 2 scrolls of identify
 g - a scroll of fear
 h - 3 scrolls of vulnerability
 j - a scroll of teleportation
Potions
 i - a potion of attraction
 l - 2 potions of flight {unknown}
 r - a potion of brilliance
 s - a potion of haste {unknown}
 t - a potion of heal wounds
 u - a potion of lignification {unknown}


   Skills:
 + Level 4.3 Fighting
 + Level 5.2 Maces & Flails
 + Level 3.4 Armour
 - Level 2.0 Dodging
 + Level 0.7 Stealth


You had 5 spell levels left.
You didn't know any spells.
Your spell library was empty.

Dungeon Overview and Level Annotations

Branches:
Dungeon (5/15)
 Temple: D:4-7

Altars:
Dithmenos
Elyvilon
Kikubaaqudgha


Innate Abilities, Weirdness & Mutations

You are mostly covered in icy blue scales. (AC +3)


Message History

The puff of flame hits you but does no damage.
You are no longer berserk.
You are exhausted.
You feel yourself slow down. The gnoll hits you with a +0 spear.
You hit the gnoll. You freeze the gnoll.
The gnoll is moderately wounded.
The gnoll hits you but does no damage.
You are poisoned.
The gnoll completely misses you. The gnoll hits you but does no damage.
You are more poisoned.
You hit the gnoll. You freeze the gnoll.
The gnoll is almost dead.
You feel very sick. The gnoll hits you but does no damage.
The orc hits you but does no damage. The gnoll barely misses you.
You hit the gnoll. You freeze the gnoll.
You kill the gnoll!
Trog accepts your kill.
You feel very sick. The orc hits you but does no damage.
The gnoll hits you but does no damage.
You are more poisoned.
You closely miss the orc.
You feel extremely sick.
An orc priest comes into view. It is wielding a +0 club.
The orc hits you but does no damage.
The gnoll hits you from afar with a +1 spear of venom.
You are lethally poisoned!
You are too injured to fight recklessly!
* * * LOW HITPOINT WARNING * * *
You feel extremely sick.
The orc priest shouts!
The orc hits you but does no damage.
The orc wizard casts a spell.
The orc wizard flickers and vanishes for a moment.
The gnoll hits you from afar with a +1 spear of venom.
* * * LOW HITPOINT WARNING * * *
You are more poisoned.
The orc priest calls down the wrath of Beogh upon you.
Beogh smites you!
You die...

##.............
#.......o......
#..............
#..............
#..............
.#....o.........
.......o........
#.....).@.......
##.......[......
##....g........
##....(.......
##..#.......#
##........##
##..###### .##


You could see an orc priest, an orc wizard (invisible), a gnoll and an orc.

Vanquished Creatures
  A phantom (D:4)
  A hound (D:3)
  An iguana (D:4)
  Ijyb (D:4)
  An orc wizard (D:4)
  Robin (D:3)
  5 gnolls
  4 adders
  An ufetubus (D:4)
  2 worms (D:3)
  2 dart slugs
  9 orcs
  12 bats
  12 endoplasms
  A giant cockroach (D:1)
  13 hobgoblins
  6 jackals
  8 kobolds
  10 quokkas
  9 ball pythons
  6 frilled lizards
  15 goblins
  9 rats
130 creatures vanquished.

Notes
Turn   | Place    | Note
-------+----------+-------------------------------------------
     0 | D:1      | crimpus the Demonspawn Berserker began the quest for the
                  | Orb.
     0 | D:1      | Reached XP level 1. HP: 18/18 MP: 1/1
    58 | D:1      | HP: 1/27 [gnoll/+0 whip (6)]
    60 | D:1      | Gained mutation: You are partially covered in icy blue
                  | scales. (AC +2) [demonic ancestry]
    60 | D:1      | Reached XP level 2. HP: 1/24 MP: 2/2
    61 | D:1      | Reached skill level 3 in Maces & Flails
   686 | D:1      | Reached XP level 3. HP: 23/29 MP: 3/3
   765 | D:1      | Found a faded altar of an unknown god.
  1509 | D:2      | Reached ** piety under Trog
  1583 | D:2      | Reached XP level 4. HP: 37/37 MP: 4/4
  2523 | D:3      | Reached skill level 4 in Maces & Flails
  2798 | D:3      | Noticed Robin
  2804 | D:3      | Reached *** piety under Trog
  2809 | D:3      | Reached XP level 5. HP: 25/42 MP: 5/5
  2838 | D:3      | HP: 2/42 [hobgoblin[Robin] (5)]
  3187 | D:3      | Killed Robin
  3792 | D:4      | Noticed a phantom
  3807 | D:4      | Killed a phantom
  3808 | D:4      | Gained mutation: You are mostly covered in icy blue scales.
                  | (AC +3) [demonic ancestry]
  3808 | D:4      | Reached XP level 6. HP: 48/48 MP: 6/6
  4418 | D:4      | Found a shadowy altar of Dithmenos.
  4419 | D:4      | Found an ancient bone altar of Kikubaaqudgha.
  4629 | D:4      | Reached skill level 5 in Maces & Flails
  4921 | D:4      | Noticed Ijyb
  4931 | D:4      | Killed Ijyb
  5265 | D:5      | Entered Level 5 of the Dungeon
  5610 | D:5      | Killed from afar by an orc priest

Illustrated notes

Levels and vault maps discovered:
D:1:      minmay_arrival_nine_rooms, layout_basic,
          nicolae_ecumenical_lake_church
D:2:      minmay_razor_zed, layout_rooms
D:3:      minmay_wonky_spiral, layout_rooms, elyvilon_altar_5,
          kennysheep_generic_room_12, uniq_robin
D:4:      layout_rooms, gammafunk_temple_overflow_pools, uniq_ijyb
D:5:      layout_cave_pods, mainiacjoe_overflow_24_doors, fedhas_altar_3

Skill      XL: |  1  2  3  4  5  6 |
---------------+-------------------+-----
Maces & Flails | 3 4 5 |  5.2
Armour         | 2 3 |  3.4
Dodging        | 2 |  2.0
Fighting       | 4 |  4.3
Stealth        | |  0.7

Action                   |  1- 3 |  4- 6 || total
-------------------------+-------+-------++-------
Melee: Mace              |   131 |   287 ||   418
       Punch             |     2 |     2 ||     4
       Whip              |       |     6 ||     6
Invok: Berserk           |     2 |     8 ||    10
       Trog's Hand       |       |     1 ||     1
  Use: Potion            |       |     3 ||     3
       Scroll            |       |    10 ||    10
 Stab: Sleeping          |     1 |       ||     1
Armor: Plate armour      |   114 |   307 ||   421
       Animal skin       |     6 |       ||     6
Dodge: Dodged            |    77 |   119 ||   196
